Unix NetHack Version 5.0.0-0 post-release - last build Jun 10 2026 00:39:30 (3ee93aec679c4c4259841fe613dc97188e26a321,branch:main).

Game began 2026-06-18 14:06:54, ended 2026-06-18 14:54:32.

GdeVolpiano, neutral male human Archeologist

                              #
              ----      ------|------
              |..|      |...........|
              |...######....%........
              ----      |..%@.......|
                        |...........|
                        ----.--------

GdeVolpiano the Field Worker  St:12 Dx:8 Co:13 In:18 Wi:17 Ch:7  Neutral
Dlvl:3  $:2049 HP:0(20) Pw:19(19) AC:5  Xp:4 T:1162  Blind

Latest messages:
 e - a +0 pick-axe (weapon in right hand).
 a - a +2 bullwhip (alternate weapon; not wielded).
 In what direction do you want to dig? [ulnjb>]
 You start digging.
 You hit the rock with all your might.
 You make an opening in the wall.
 What do you want to use or apply? [ae-io or ?*]
 In what direction do you want to dig? [kulnjb>]
 You start digging.
 You hit the rock with all your might.
 You succeed in cutting away some rock.
 #
 You hear someone searching.
 a - a +2 bullwhip (weapon in right hand).
 e - a +0 pick-axe (alternate weapon; not wielded).
 Indy bites the homunculus.
 The homunculus misses Indy.
 Indy bites the homunculus.
 Indy misses the homunculus.
 Indy misses the homunculus.
 The homunculus bites!
 You lash the homunculus.
 The homunculus bites!
 The hobgoblin hits!
 You miss the homunculus.
 The homunculus bites!
 The hobgoblin misses!
 The homunculus bites!
 You avoid harm.
 The hobgoblin hits!
 Indy bites the homunculus.
 The homunculus is killed!
 You lash the hobgoblin.
 The hobgoblin hits!
 You miss the hobgoblin.
 The hobgoblin hits!
 Indy bites the hobgoblin.
 Indy bites the hobgoblin.
 The hobgoblin is killed!
 You see here a hobgoblin corpse.
 There is a hobgoblin corpse here; eat it? [ynq] (n)
 Blecch!  Rotten food!
 Everything suddenly goes dark.
 You hear some noises.
 It bites!
 You stop eating the hobgoblin corpse.
 It bites!
 You die...
 Do you want your possessions identified? [ynq] (y)
 Do you want to see your attributes? [ynq] (y)

Inventory:
 Coins    ('$')
  $ - 2049 gold pieces
 Weapons  (')')
  s - a +0 crossbow
  q - 2 +0 darts
  j - a +0 orcish dagger
  a - a +2 bullwhip (weapon in right hand)
 Armor    ('[')
  t - an uncursed +0 cornuthaum
  c - an uncursed +0 fedora
  l - a blessed +2 helmet (being worn)
  n - a blessed +0 leather armor (being worn)
  b - an uncursed +0 leather jacket
 Comestibles  ('%')
  d - 3 uncursed food rations
 Scrolls  ('?')
  x - a blessed scroll of enchant armor
 Rings    ('=')
  m - a cursed -2 ring of gain constitution
  y - a cursed ring of teleportation
 Tools    ('(')
  h - an empty uncursed sack
  i - an uncursed oil lamp
  e - a +0 pick-axe (alternate weapon; not wielded)
  f - a tinning kit (0:94)
  o - an uncursed towel
 Gems/Stones  ('*')
  g - an uncursed touchstone

GdeVolpiano the Archeologist's attributes:

Background:
 You were a Field Worker, a level 4 male human Archeologist.
 You were neutral, nominally on a mission for Camaxtli
 who was opposed by Quetzalcoatl (lawful) and Huhetotl (chaotic).
 You were right-handed.
 You were in the Dungeons of Doom, on level 3.
 You entered the dungeon 1162 turns ago.
 You had 134 experience points, 26 more were needed to attain level 5.

Basics:
 You had 0 out of 20 hit points.
 You had all 19 energy points (spell power).
 Your armor class was 5.
 Your wallet contained 2049 zorkmids.
 Autopickup was on for '$?!/="+' plus thrown, with exceptions.

Final Characteristics:
 Your strength was 12 (limit:18/100).
 Your dexterity was 8 (limit:18).
 Your constitution was 13 (limit:18).
 Your intelligence was 18 (limit:18).
 Your wisdom was 17 (limit:18).
 Your charisma was 7 (limit:18).

Final Status:
 You were temporarily blind.
 You weren't hungry.
 You were unencumbered.
 You were wielding a whip.
 You had basic skill with whip.

Final Attributes:
 You were devoutly aligned.
 You had automatic searching.
 You were warded.
 You are dead.

Miscellaneous:
 You didn't encounter any bones levels.
 Total elapsed playing time was 9 minutes and 43 seconds.

Major events:
 Turn
    1: GdeVolpiano the neutral male human Archeologist entered the dungeon
  464: attained the rank of Field Worker (level 3)
 1162: killed by a jackal

You didn't know any spells.

Skills:
 Fighting Skills
   bare handed combat [Unskilled]
   two weapon combat  [Unskilled]
   riding             [Unskilled]
 Weapon Skills
   dagger             [Unskilled]
   knife              [Unskilled]
   pick-axe           [Basic]
   short sword        [Unskilled]
   saber              [Unskilled]
   club               [Unskilled]
   quarterstaff       [Unskilled]
   sling              [Unskilled]
   dart               [Unskilled]
   boomerang          [Unskilled]
   whip               [Basic]
   unicorn horn       [Unskilled]
 Spellcasting Skills
   attack spells      [Unskilled]
   healing spells     [Unskilled]
   divination spells  [Unskilled]
   matter spells      [Unskilled]

Voluntary challenges:
 Character rerolling was not enabled.
 You were an atheist.
 You never genocided any monsters.
 You never polymorphed an object.
 You never changed form.
 You used no wishes.
Achievements:
 You attained the rank of Field Worker.
 You entered a shop.

 The Dungeons of Doom: levels 1 to 3
    Level 1:
    Level 2:
       An armor shop, a fountain.
    Level 3: <- You were here.
       Final resting place for
          you, killed by a jackal.


Vanquished creatures:
  6 fog clouds
  a homunculus
 an acid blob
  a coyote
  2 hobgoblins
  a brown mold
  2 geckos
  4 jackals
  a kobold
  a goblin
  2 grid bugs
  a bat
  4 lichens
  2 kobold zombies
  4 newts
33 creatures vanquished.

No species were genocided or became extinct.

Game over:
                       ----------
                      /          \
                     /    REST    \
                    /      IN      \
                   /     PEACE      \
                  /                  \
                  |   GdeVolpiano    |
                  |     2049 Au      |
                  |   killed by a    |
                  |      jackal      |
                  |                  |
                  |                  |
                  |       2026       |
                 *|     *  *  *      | *
        _________)/\\_//(\/(/\)/\//\/|_)_______

Goodbye GdeVolpiano the Archeologist...

You died in The Dungeons of Doom on dungeon level 3 with 2481 points,
and 2049 pieces of gold, after 1162 moves.
You were level 4 with a maximum of 20 hit points when you died.

